 Dungeon Crawl Stone Soup version 0.29-a0-330-g52719c12eb (webtiles) character file.

Game seed: 1769486629798734300

163 Crownlay the Shooter (level 5, -2/25 HPs)
             Began as a Spriggan Hunter on May 15, 2022.
             Killed by divine providence
             ... invoked by an orc priest
              (15 damage)
             ... on level 4 of the Dungeon.
             The game lasted 00:03:34 (2146 turns).

Crownlay the Shooter (Spriggan Hunter)              Turns: 2146, Time: 00:03:35

Health: -2/25      AC:  3    Str:  5    XL:     5   Next: 20%
Magic:  6/6        EV: 19    Int: 10    God:
Gold:   157        SH:  0    Dex: 31    Spells: 4/4 levels left

rFire   x . .      SeeInvis +   a - +1 shortbow
rCold   . . .      Faith    +   (shield currently unavailable)
rNeg    + . .      Spirit   .   b - +0 robe
rPois   .          Reflect  .   (helmet restricted)
rElec   .          Harm     .   s - +0 cloak
rCorr   .          Rampage  .   (gloves unavailable)
Will    .....                   (boots unavailable)
Stlth   ++++......              r - amulet of Wonu {Faith rF- rN+ Str-2 Dex+10}
HPRegen 0.08/turn               (no ring)
MPRegen 0.10/turn               (no ring)

@: very quick
A: very small, no large weapons, unfitting armour, see invisible, speed 3
a: no special abilities


You were on level 4 of the Dungeon.
You visited 1 branch of the dungeon, and saw 4 of its levels.

You collected 157 gold pieces.

Inventory:

Hand Weapons
 a - a +1 shortbow (weapon)
Missiles
 n - 2 throwing nets
Armour
 b - a +0 robe (worn)
 s - a +0 cloak (worn)
Jewellery
 r - the amulet of Wonu (around neck) {Faith rF- rN+ Str-2 Dex+10}
   (You found it on level 3 of the Dungeon)

   [amulet of faith]

   It allows you to gain divine favour quickly.
   Str:       It affects your strength (-2).
   Dex:       It affects your dexterity (+10).
   rF:        It makes you vulnerable to fire.
   rN:        It protects you from negative energy.
Scrolls
 c - a scroll of immolation
 e - 2 scrolls of magic mapping {unknown}
 g - 2 scrolls of enchant weapon {unknown}
 i - a scroll of brand weapon {unknown}
 k - 3 scrolls of identify {unknown}
 l - a scroll of noise {unknown}
 m - a scroll of teleportation {unknown}
 o - 2 scrolls of holy word {unknown}
Potions
 d - a potion of ambrosia {unknown}
 f - 2 potions of haste {unknown}
 h - a potion of might {unknown}
 j - a potion of degeneration {unknown}
 p - a potion of heal wounds {unknown}
 q - a potion of attraction {unknown}


   Skills:
 - Level 1.5 Fighting
 * Level 7.0 Bows
 - Level 2.6 Dodging
 + Level 4.7 Stealth


You had 4 spell levels left.
You didn't know any spells.
Your spell library contained the following spells:

 Spells                   Type           Power      Damage    Failure   Level
 Apportation              Tloc           0%         N/A       36%         1
 Sublimation of Blood     Necr           0%         N/A       50%         2
 Gell's Gravitas          Tloc           0%         N/A       75%         3
 Ozocubu's Armour         Ice            0%         N/A       75%         3
 Teleport Other           Tloc           0%         N/A       75%         3
 Petrify                  Tmut/Erth      0%         N/A       98%         4
 Summon Lightning Spire   Summ/Air       0%         N/A       98%         4
 Alistair's Intoxication  Tmut/Pois      0%         N/A       100%        5
 Irradiate                Conj/Tmut      0%         3d13      100%        5
 Dispersal                Tloc           0%         N/A       100%        6
 Ozocubu's Refrigeration  Ice            0%         4d5       100%        7
 Storm Form               Tmut/Air       0%         N/A       100%        7
 Maxwell's Capacitive Co  Air            0%         ∞         100%        8


Dungeon Overview and Level Annotations

Branches:
Dungeon (4/15)
 Temple: D:4-7

Altars:
Ru
Wu Jian

Annotations:
D:4 2 runed translucent doors


Innate Abilities, Weirdness & Mutations

You are very small and have problems with some larger weapons.
You are too small for most types of armour.
You have supernaturally acute eyesight. (SInv)
You cover ground extremely quickly. (Speed+++)


Message History

The hound is heavily wounded.
The hound barely misses you. x2
You shoot an arrow. The arrow hits the hound!
You kill the hound!
Your Bows skill increases to level 7!
You have reached level 5!
You feel agile.
An orc comes into view. It is wielding a +0 club.
The orc moves out of view.
You now have 157 gold pieces (gained 16).
You shoot an arrow. The arrow hits the orc!
You kill the orc!
No target in view!
No target in view!
An iguana and an orc come into view.
The orc is wielding a +0 whip and wearing a +1 leather armour of positive energy.
An orc comes into view.
It is wielding a +0 short sword of venom.
You shoot an arrow. The arrow barely misses the orc.
The iguana hisses angrily.
The orc shouts! x2
You shoot an arrow. The arrow barely misses the orc.
An orc priest comes into view. It is wielding a +0 war axe.
You shoot an arrow. The arrow hits the orc!
You kill the orc!
You shoot an arrow. The arrow hits the iguana.
The iguana is moderately wounded.
The orc priest calls down the wrath of Beogh upon you.
Beogh smites you!
Ouch! That really hurt!
You are too injured to fight recklessly!
You are too injured to fight recklessly!
You shoot an arrow. The arrow hits the orc.
The orc is heavily wounded.
You shoot an arrow. The arrow hits the orc!
You kill the orc!
You shoot an arrow. The arrow hits the iguana!
The iguana is almost dead.
The orc priest mumbles some strange prayers to Beogh against you.
Beogh smites you!
Ouch! That really hurt!
You die...

.........#........# ##
#+ ####+###'####....##
..##.####...##.#########
.............†....#
....$.............#
..................#
..................#
..................#
........l..@......#
####..o##...####### #..)
##### ..... ..o.)..
....... ....... .......


You could see an iguana and an orc priest.

Vanquished Creatures
  A hound (D:4)
  7 gnolls (D:2)
  An adder (D:2)
  A dart slug (D:3)
  3 orcs (D:4)
  3 ball pythons
  4 bats
  4 endoplasms
  2 giant cockroaches (D:3)
  5 goblins
  4 hobgoblins
  3 quokkas
  5 frilled lizards
  8 kobolds
  5 rats
56 creatures vanquished.

Vanquished Creatures (others)
  5 plants (D:1)
5 creatures vanquished.

Grand Total: 61 creatures vanquished

Notes
Turn   | Place    | Note
-------+----------+-------------------------------------------
     0 | D:1      | Crownlay the Spriggan Hunter began the quest for the Orb.
     0 | D:1      | Reached XP level 1. HP: 10/10 MP: 2/2
    28 | D:1      | You fall into a shaft and drop 1 floor!
    28 | D:2      | Found an ornate altar of the Wu Jian Council.
    33 | D:2      | Reached skill level 5 in Bows
    33 | D:2      | Reached XP level 2. HP: 14/14 MP: 3/3
    39 | D:2      | Reached XP level 3. HP: 14/18 MP: 4/4
   865 | D:2      | Reached skill level 6 in Bows
   957 | D:2      | Found a faded altar of an unknown god.
  1071 | D:2      | Reached XP level 4. HP: 22/22 MP: 5/5
  1810 | D:3      | Found a sacrificial altar of Ru.
  1818 | D:3      | Identified the amulet of Wonu {Faith rF- rN+ Str-2 Dex+10}
  2112 | D:4      | Found a large runed translucent door.
  2113 | D:4      | Found a large runed translucent door.
  2126 | D:4      | Reached skill level 7 in Bows
  2126 | D:4      | Reached XP level 5. HP: 25/25 MP: 6/6
  2146 | D:4      | Killed from afar by an orc priest

Illustrated notes

Levels and vault maps discovered:
D:1:      dpeg_arrival_line_fractal, layout_loops_ring, lexackson_kobold_supper
D:2:      layout_loops_cross, basic_altar, hellmonk_ecumenical_altar_arch_garden
D:3:      layout_rooms, old_standard_altar
D:4:      layout_gridville, mainiacjoe_overflow_alcove_2, jmf_multi_god_temple2,
          minmay_temple_entry_glass, serial_shops, nicolae_shop_trees,
          uniq_blork_the_orc

Skill      XL: |  1  2  3  4 |
---------------+-------------+-----
Bows           | 5 6 7 |  7.0
Stealth        | 2 3 4 |  4.7
Fighting       | |  1.5
Dodging        | |  2.6

Action                   |  1- 3 |  4- 6 || total
-------------------------+-------+-------++-------
 Fire: Shortbow          |    62 |    61 ||   123
Armor: Robe              |     1 |     1 ||     2
Dodge: Dodged            |    11 |    12 ||    23

Table legend: (Time is in decaauts)
 A = Elapsed time spent in this place.
 B = Non-inter-level travel time spent in this place.
 C = Inter-level travel time spent in this place.
 D = Time resting spent in this place.
 E = Time spent auto-exploring this place.
 F = Levels seen in this place.
 G = Mean time per level.
                   A        B        C        D        E       F      G
               +--------+--------+--------+--------+--------+-----+--------+
         Total |   1551 |   1511 |     40 |      0 |   1261 |   4 |  387.8 |
       Dungeon |   1551 |   1511 |     40 |      0 |   1261 |   4 |  387.8 |
               +--------+--------+--------+--------+--------+-----+--------+

Top non-repeatable levels by time:
     D:2: 758 daAuts
     D:1: 453 daAuts
     D:3: 246 daAuts
     D:4: 92 daAuts
